 Dungeon Crawl Stone Soup version 0.21.1-1-g345015f (webtiles) character file.

95 halftheisland the Skirmisher (level 4, -1/40 HPs)
             Began as a Hill Orc Fighter on Feb 12, 2018.
             Killed by nerve-wracking pain
             ... invoked by Grinder
              (14 damage)
             ... on level 3 of the Dungeon.
             The game lasted 00:10:05 (2439 turns).

halftheisland the Skirmisher (Hill Orc Fighter)     Turns: 2439, Time: 00:10:05

Health: -1/40      AC:  8    Str: 19    XL:     4   Next: 65%
Magic:  4/4        EV:  7    Int:  8    God:
Gold:   174        SH:  9    Dex: 10    Spells: 3/3 levels left

rFire    . . .     SeeInvis .   a - +0 trident
rCold    . . .     Gourm    .   c - +0 shield
rNeg     . . .     Faith    .   b - +0 scale mail
rPois    .         Spirit   .   (no helmet)
rElec    .         Reflect  .   l - +0 cloak
rCorr    +         Harm     .   (no gloves)
MR       .....                  (no boots)
Stlth    ..........             (no amulet)
HPRegen  0.13/turn              g - ring of resist corrosion
MPRegen  0.09/turn              (no ring)

@: no status effects
A: no striking features
a: no special abilities


You were on level 3 of the Dungeon.
You were not hungry.

You visited 1 branch of the dungeon, and saw 3 of its levels.

You collected 174 gold pieces.

Inventory:

Hand Weapons
 a - a +0 trident (weapon)
 h - a +2 antimagic whip
 i - a +3 dagger
 v - a +0 dagger of speed
 w - a +2 hand axe of electrocution
Missiles
 p - 10 poisoned needles
Armour
 b - a +0 scale mail (worn)
 c - a +0 shield (worn)
 l - a +0 cloak (worn)
Jewellery
 e - an uncursed ring of positive energy {unknown}
 g - a ring of resist corrosion (left hand)
Scrolls
 k - 3 scrolls of blinking {unknown}
 n - a scroll of immolation {unknown}
 o - 2 scrolls of identify
 r - 2 scrolls of teleportation
 t - a scroll of fog {unknown}
 u - a scroll of random uselessness {unknown}
Potions
 d - a potion of might
 j - a potion of ambrosia {unknown}
 m - a potion of curing {unknown}
 q - a potion of heal wounds {unknown}
 s - a potion of brilliance {unknown}
Comestibles
 f - 4 rations


   Skills:
 + Level 4.2 Fighting
 + Level 3.0 Polearms
 + Level 4.2 Armour
 + Level 0.3 Dodging
 + Level 0.7 Stealth
 + Level 3.7 Shields


You had 3 spell levels left.
You didn't know any spells.

Dungeon Overview and Level Annotations

Branches:
Dungeon (3/15)

Altars:
Ashenzari
The Shining One

Annotations:
D:3 Grinder


Message History

Grinder is lightly wounded.
You block Grinder's attack.
You closely miss Grinder.
Grinder is lightly wounded.
Grinder gestures at you.
You suddenly lose the ability to move!
Grinder hits you.
You writhe in agony.
You can move again.
Your shield and scale mail prevent you from hitting Grinder.
Grinder is lightly wounded.
Grinder hits you.
You hit Grinder.
Grinder is moderately wounded.
Grinder hits you.
You hit Grinder.
Grinder is moderately wounded.
Grinder hits you.
You writhe in agony.
Grinder gestures at you. Pain shoots through your body!
You die...

########## #.#####.#.
#######..# #.#. #
.........####.#. ..
########.#....#.
...####+#### #......#.
...........# ##.....#.
...........# #.....##
#..........#######....#
#.....5@.........#....#
#%...............#....##
#######..............†..
###.............##
#......##.....#
#......##.###.#
#......##.# #.#
........##.# #>#
.........##.# #.#


You could see Grinder.

Vanquished Creatures
  3 adders
  A worm (D:3)
  4 dart slugs
  A leopard gecko (D:1)
  3 ball pythons
  3 giant cockroaches (D:2)
  7 goblins
  5 hobgoblins
  3 jackals (D:1)
  8 kobolds
  A quokka (D:3)
  3 bats
  2 frilled lizards
  9 rats
53 creatures vanquished.

Notes
Turn   | Place    | Note
-------+----------+-------------------------------------------
     0 | D:1      | halftheisland the Hill Orc Fighter began the quest for the Orb.
     0 | D:1      | Reached XP level 1. HP: 19/19 MP: 1/1
   129 | D:1      | Reached XP level 2. HP: 27/27 MP: 2/2
   440 | D:1      | Reached XP level 3. HP: 33/33 MP: 3/3
  1230 | D:2      | Reached XP level 4. HP: 40/40 MP: 4/4
  1233 | D:2      | Found a shattered altar of Ashenzari.
  1801 | D:3      | Found a glowing golden altar of the Shining One.
  2427 | D:3      | Noticed Grinder
  2435 | D:3      | Paralysed by Grinder for 2 turns
  2439 | D:3      | Killed from afar by Grinder

Skill      XL: |  1  2  3  4 |
---------------+-------------+-----
Fighting       | 4 |  4.2
Armour         | 4 |  4.2
Polearms       | 3 |  3.0
Dodging        | |  0.3
Stealth        | |  0.7
Shields        | |  3.7

Action                   |  1- 3 |  4- 6 || total
-------------------------+-------+-------++-------
Melee: Trident           |   101 |    61 ||   162
  Use: Scroll            |     2 |       ||     2
  Eat: Ration            |     2 |       ||     2
Armor: Scale mail        |    40 |    10 ||    50
Dodge: Dodged            |    23 |     9 ||    32
Block: Shield            |    54 |    19 ||    73
